 Dungeon Crawl Stone Soup version 0.22.0-78-g6c94d2c (webtiles) character file.

60 MalarOregon the Chopper (level 4, -1/41 HPs)
             Began as a Hill Orc Monk on Sept 16, 2018.
             Was a Believer of Beogh.
             Slain by an orc priest
             ... wielding a +0 short sword
              (3 damage)
             ... on level 2 of the Dungeon.
             The game lasted 00:02:30 (871 turns).

MalarOregon the Chopper (Hill Orc Monk)              Turns: 871, Time: 00:02:31

Health: -1/41      AC:  6    Str: 14    XL:     4   Next: 6%
Magic:  4/4        EV: 11    Int: 10    God:    Beogh [**....]
Gold:   46         SH:  0    Dex: 13    Spells: 3/3 levels left

rFire    . . .     SeeInvis .   a - +0 hand axe
rCold    . . .     Gourm    .   (no shield)
rNeg     . . .     Faith    .   m - +0 ring mail
rPois    .         Spirit   .   d - +0 helmet
rElec    .         Reflect  .   (no cloak)
rCorr    .         Harm     +   (no gloves)
MR       .....                  (no boots)
Stlth    +.........             i - amulet of harm
HPRegen  0.13/turn              (no ring)
MPRegen  0.09/turn              (no ring)

@: no status effects
A: no striking features
a: Smiting, Renounce Religion


You were on level 2 of the Dungeon.
You worshipped Beogh.
Beogh was pleased with you.
You were not hungry.

You visited 1 branch of the dungeon, and saw 2 of its levels.

You collected 46 gold pieces.

Inventory:

Hand Weapons
 a - a +0 hand axe (weapon)
Armour
 b - a +0 buckler
 d - a +0 helmet (worn)
 m - a +0 ring mail (worn)
Jewellery
 i - an amulet of harm (around neck)
Scrolls
 e - 2 scrolls of identify {unknown}
 g - a scroll of magic mapping {unknown}
 j - 2 scrolls of enchant armour {unknown}
Potions
 h - a potion of heal wounds {unknown}
 k - a potion of might {unknown}
 l - a potion of lignification {unknown}
Comestibles
 c - 5 rations
 f - 4 chunks of flesh


   Skills:
 * Level 4.4 Fighting
 * Level 4.7 Axes
 + Level 0.0 Throwing
 * Level 1.9 Armour
 + Level 2.6 Dodging
 - Level 1.5 Stealth


You had 3 spell levels left.
You didn't know any spells.
Your spell library contained the following spells:

 Spells                   Type           Power        Failure   Level  Hunger
 Magic Dart               Conj           #...         58%         1    ##.....
 Blink                    Tloc           N/A          75%         2    ###....
 Call Imp                 Summ           #.......     75%         2    ###....
 Slow                     Hex            #.......     75%         2    ###....
 Conjure Flame            Conj/Fire      #.......     92%         3    ####...
 Mephitic Cloud           Conj/Pois/Air  #.......     92%         3    ####...


Dungeon Overview and Level Annotations

Branches:
Dungeon (2/15)

Altars:


Message History

* * * LOW HITPOINT WARNING * * *
You barely miss the orc priest.
The orc priest is heavily wounded.
You closely miss the orc wizard. The orc priest hits you.
* * * LOW HITPOINT WARNING * * *
The orc wizard hits you but does no damage.
Okay, then.
You bow before the missionary of Beogh.
Beogh welcomes you!
You can now smite your foes.
With a roar of approval, the orcs welcome you as one of their own, and spare
Okay, then.
You start resting.
An orc priest comes into view. It is wielding a short sword.
You hit the orc priest but do no damage.
The orc priest misses you.
You barely miss the orc priest.
The orc priest hits you with a short sword.
You die...
Beogh appreciates the orc priest's killing of a heretic priest.

....o . ##### ...S ..
..?.. .o. ... ...... .r ..
....##.#.# #......## #.#
.. ... #############.# ..
... #.........@#.o# .#
.... #..........o.##
.#.....
#..........#####.#.....
#.........oo...........
#....).....####..#########
#.....<....# #.## #.#
#..........# #.# #.#
#..........# ##.# ######.#
############ #..###......#


You could see an orc priest, a neutral orc priest (wandering) and a neutral orc
wizard (wandering).

Vanquished Creatures
  An adder (D:2)
  3 oozes (D:1)
  A leopard gecko (D:1)
  A ball python (D:1)
  A bat (D:1)
  A giant cockroach (D:1)
  3 goblins (D:1)
  4 hobgoblins
  5 jackals (D:1)
  3 kobolds (D:1)
  A quokka (D:2)
  5 frilled lizards
  10 rats
39 creatures vanquished.

Notes
Turn   | Place    | Note
-------+----------+-------------------------------------------
     0 | D:1      | MalarOregon the Hill Orc Monk began the quest for the Orb.
     0 | D:1      | Reached XP level 1. HP: 19/19 MP: 1/1
     1 | D:1      | Found a runed door.
    64 | D:1      | Reached XP level 2. HP: 27/27 MP: 2/2
   111 | D:1      | Reached skill level 1 in Armour
   429 | D:1      | Reached XP level 3. HP: 25/33 MP: 3/3
   862 | D:2      | Reached XP level 4. HP: 19/41 MP: 4/4
   865 | D:2      | HP: 1/41 [orc priest (2)]
   866 | D:2      | Became a worshipper of Beogh the Brigand
   866 | D:2      | Reached * piety under Beogh
   866 | D:2      | Reached ** piety under Beogh
   871 | D:2      | Slain by an orc priest

Skill      XL: |  1  2 |
---------------+-------+-----
Armour         | 1 |  1.9
Fighting       | 4 |  4.4
Axes           | |  4.7
Dodging        | |  2.6
Stealth        | |  1.5

Action                   |  1- 3 |  4- 6 || total
-------------------------+-------+-------++-------
Melee: Hand axe          |   103 |     5 ||   108
Invok: Convert to Beogh  |       |     1 ||     1
 Stab: Sleeping          |     3 |       ||     3
Armor: Robe              |    29 |       ||    29
       Ring mail         |     7 |       ||     7
Dodge: Dodged            |    70 |     2 ||    72
